Map: [ESL] Alcyone

Players

PtitDrogo - Winner!

  • Race: Protoss Protoss
  • Spawn Location: 1:00

ShaDoWn

  • Race: Protoss Protoss
  • League: Master
  • Spawn Location: 7:00

Event: HomeStory Cup XXIV

VOD

Have the link to the VOD?

Description

Time

  • Played on: Dec. 1, 2023, 1:39 p.m.
  • Length: 9:41

All games in this series

Show
View Real Time Build Order
Export as new Build Order

PtitDrogo Protoss - Winner!

Build Orders: Oracle Opening 

Get SALT Encoding   

  12  0:00  Probe  
  13  0:12  Probe  
  14  0:17  Pylon  
  14  0:24  Probe (Chrono Boost)  
  15  0:36  Probe (Chrono Boost)  
  15  0:38  Gateway  
  16  0:45  Probe (Chrono Boost)  
  16  0:46  Assimilator  
  17  0:51  Probe  
  17  0:55  Assimilator  
  18  1:03  Probe (Chrono Boost)  
  19  1:08  Gateway  
  19  1:14  Probe (Chrono Boost)  
  20  1:18  Probe (Chrono Boost)  
  21  1:26  Cybernetics Core  
  21  1:30  Probe  
  22  1:37  Pylon  
  22  1:45  Probe  
  23  1:59  Probe  
  23  2:00  Warp Gate (Chrono Boost)  
  24  2:02  Adept, Stalker  
  24  2:07  Pylon  
  28  2:12  Probe  
  29  2:25  Stargate  
  29  2:32  Stalker  
  29  2:36  Stalker  
  33  2:38  Probe  
  33  2:54  Probe  
  34  3:09  Nexus  
  34  3:11  Oracle (Chrono Boost)  
  34  3:16  Probe  
  38  3:24  Pylon  
  38  3:31  Twilight Council  
  38  3:33  Probe  
  39  3:42  Adept  
  39  3:46  Stalker  
  43  3:48  Probe  
  44  4:00  Probe  
  44  4:01  Blink (Chrono Boost)  
  45  4:13  Probe  
  46  4:25  Probe  
  46  4:27  Probe  
  48  4:35  Stalker x2  
  48  4:37  Probe  
  53  4:39  Probe  
  53  4:44  Pylon  
  54  4:51  Nexus  
  54  4:56  Probe x2  
  54  5:08  Probe  
  54  5:11  Stalker x2  
  54  5:12  Probe  
  58  5:19  Robotics Facility  
  58  5:20  Probe  
  59  5:24  Probe  
  60  5:30  Assimilator  
  60  5:32  Probe  
  60  5:34  Stalker  
  60  5:35  Stalker  
  65  5:36  Probe  
  65  5:40  Pylon  
  66  5:43  Forge  
  66  5:44  Probe  
  63  6:00  Stalker x2  
  63  6:01  Probe x2  
  63  6:02  Gateway  
  67  6:18  Protoss Ground Weapons Level 1 (Chrono Boost)  
  67  6:20  Observer, Probe (Chrono Boost)  
  67  6:22  Probe x2 (Chrono Boost)  
  71  6:28  Charge  
  72  6:32  Stalker  
  72  6:33  Stalker  
  72  6:35  Shield Battery, Probe x2 (Chrono Boost)  
  72  6:36  Probe (Chrono Boost)  
  78  6:40  Probe x2  
  78  6:43  Gateway  
  78  6:44  Probe  
  78  6:45  Observer  
  82  6:52  Probe  
  82  6:53  Probe  
  84  6:59  Nexus  
  84  7:00  Pylon  
  84  7:01  Probe  
  85  7:05  Probe  
  86  7:12  Probe  
  87  7:15  Photon Cannon, Stalker x3  
  87  7:21  Gateway  
  87  7:22  Gateway  
  93  7:23  Gateway  
  93  7:32  Gateway x2  
  93  7:39  Probe x3  
  93  7:40  Gateway  
  93  7:42  Pylon  
  93  7:43  Stalker  
  98  7:52  Warp Prism (Chrono Boost), Probe  
  98  7:56  Photon Cannon  
  101  7:59  Pylon  
  101  8:04  Stalker x3  
  107  8:09  Pylon  
  107  8:12  Stalker  
  109  8:14  Probe  
  109  8:17  Pylon  
  109  8:18  Pylon  
  110  8:29  Stalker x4  
  110  8:30  Zealot  
  120  8:42  Stalker x4  
  120  8:47  Zealot  
  130  8:50  Gateway  
  130  8:53  Gateway  
  130  9:03  Zealot  
  130  9:04  Zealot x4  
  130  9:06  Zealot x2  
  130  9:07  Zealot x3, Pylon  
  139  9:25  Stalker x5  
  139  9:29  Zealot x2  
  139  9:30  Zealot x3  
Show
View Real Time Build Order
Export as new Build Order

ShaDoWn Protoss 

Build Orders: Blink Stalkers 

Get SALT Encoding   

  12  0:00  Probe  
  13  0:12  Probe  
  14  0:17  Pylon  
  14  0:24  Probe  
  15  0:35  Gateway  
  15  0:36  Probe (Chrono Boost)  
  16  0:46  Assimilator, Probe (Chrono Boost)  
  17  0:51  Probe (Chrono Boost)  
  17  0:54  Assimilator  
  18  1:03  Probe (Chrono Boost)  
  19  1:07  Gateway  
  19  1:13  Probe (Chrono Boost)  
  19  1:18  Probe (Chrono Boost)  
  20  1:23  Cybernetics Core  
  21  1:29  Probe  
  22  1:35  Pylon  
  22  1:41  Probe  
  23  1:53  Probe  
  24  2:01  Stalker  
  24  2:02  Stalker, Warp Gate  
  24  2:05  Probe  
  29  2:09  Pylon  
  29  2:18  Probe  
  30  2:30  Probe  
  30  2:31  Stalker  
  30  2:32  Stalker  
  35  2:42  Shield Battery  
  35  2:45  Probe  
  36  2:53  Shield Battery  
  36  3:05  Nexus  
  36  3:07  Probe  
  36  3:19  Twilight Council  
  36  3:20  Probe  
  36  3:25  Pylon  
  37  3:32  Probe  
  38  3:44  Probe  
  39  3:50  Stalker x2  
  39  3:53  Blink (Chrono Boost)  
  43  3:56  Probe  
  44  4:07  Pylon  
  44  4:08  Probe  
  45  4:21  Probe x2 (Chrono Boost)  
  46  4:27  Stalker  
  46  4:33  Probe x2 (Chrono Boost)  
  48  4:40  Robotics Facility  
  48  4:42  Probe x2 (Chrono Boost)  
  48  4:43  Stalker  
  52  4:47  Probe x2 (Chrono Boost)  
  54  4:59  Probe  
  52  5:10  Probe (Chrono Boost)  
  53  5:21  Nexus, Probe (Chrono Boost)  
  53  5:22  Probe (Chrono Boost)  
  53  5:25  Stalker  
  53  5:27  Observer  
  56  5:29  Probe (Chrono Boost)  
  56  5:31  Stalker, Probe (Chrono Boost)  
  60  5:36  Probe  
  60  5:41  Probe  
  62  5:44  Pylon  
  62  5:48  Probe  
  63  5:53  Probe  
  63  5:56  Stalker x2  
  62  5:58  Immortal (Chrono Boost)  
  61  6:15  Probe (Chrono Boost)  
  61  6:17  Probe (Chrono Boost)  
  59  6:20  Stalker x2  
  59  6:25  Observer  
  63  6:28  Probe (Chrono Boost)  
  63  6:29  Probe (Chrono Boost)  
  65  6:35  Probe (Chrono Boost)  
  65  6:38  Probe x2 (Chrono Boost)  
  65  6:39  Forge  
  68  6:42  Probe (Chrono Boost)  
  68  6:44  Sentry, Probe (Chrono Boost), Stalker  
  68  6:45  Probe (Chrono Boost)  
  75  6:48  Observer, Probe (Chrono Boost)  
  75  6:50  Shield Battery  
  75  6:53  Probe  
  78  6:55  Probe  
  78  7:00  Probe  
  80  7:05  Probe  
  80  7:07  Probe, Stalker x2  
  86  7:08  Protoss Ground Weapons Level 1 (Chrono Boost)  
  86  7:11  Observer  
  86  7:12  Probe  
  87  7:17  Probe  
  87  7:19  Probe  
  87  7:21  Assimilator  
  90  7:31  Gateway  
  90  7:33  Gateway  
  90  7:34  Stalker  
  90  7:35  Nexus  
  91  7:37  Stalker  
  91  7:40  Pylon  
  93  7:48  Gateway  
  93  7:58  Probe  
  93  7:59  Gateway, Probe  
  93  8:02  Gateway, Shield Battery, Stalker x2  
  93  8:03  Probe  
  100  8:11  Pylon, Probe  
  101  8:23  Pylon  
  101  8:28  Observer, Pylon  
  101  8:29  Probe x2  
  101  8:30  Stalker x3, Pylon  
  109  8:38  Pylon  
  109  8:41  Probe x2  
  109  8:43  Probe  
  109  8:46  Stalker  
  109  8:47  Stalker  
  116  8:53  Shield Battery, Stalker x3  
  116  8:55  Probe x2  
  124  9:03  Probe  
  124  9:04  Stalker x2  
  124  9:05  Probe  
  130  9:11  Photon Cannon  
  130  9:12  Stalker  
  130  9:15  Assimilator  
  132  9:24  Zealot x2, Stalker x2  
  124  9:28  Probe  
  124  9:30  Zealot x2  
  119  9:37  Zealot  
Tags
 
Add a new tag
Caveats
  • Supply blocks, unpowered buildings, or Contaminate may cause inaccurate times.
  • Supply counts are checked every 10 seconds.